 Dungeon Crawl Stone Soup version 0.24-a0-769-g368c1644f8 (webtiles) character file.

Game seed: 16322970181485578056, levelgen mode: deterministic

39 Johnny the Digger (level 3, -2/28 HPs)
             Began as a Demigod Earth Elementalist on Oct 6, 2019.
             Slain by an orc
             ... wielding a +0 hand axe
              (6 damage)
             ... on level 2 of the Dungeon.
             The game lasted 00:01:25 (1223 turns).

Johnny the Digger (Demigod Earth Elementalist)      Turns: 1223, Time: 00:01:25

Health: -2/28      AC:  2    Str: 11    XL:     3   Next: 11%
Magic:  2/8        EV: 13    Int: 21    God:
Gold:   63         SH:  0    Dex: 16    Spells: 5/6 levels left

rFire    . . .     SeeInvis .   i - +0 dagger
rCold    . . .     Gourm    .   (no shield)
rNeg     . . .     Faith    .   c - +0 robe
rPois    .         Spirit   .   (no helmet)
rElec    .         Reflect  .   (no cloak)
rCorr    .         Harm     .   (no gloves)
MR       .....                  (no boots)
Stlth    ++........             (no amulet)
HPRegen  0.09/turn              (no ring)
MPRegen  0.11/turn              (no ring)

@: no status effects
A: high mp 1
a: no special abilities


You were on level 2 of the Dungeon.
You were not hungry.

You visited 1 branch of the dungeon, and saw 2 of its levels.

You collected 63 gold pieces.

Inventory:

Hand Weapons
 i - a +0 dagger (weapon)
Missiles
 b - 24 stones (quivered)
Armour
 c - a +0 robe (worn)
Jewellery
 j - an uncursed ring of stealth {unknown}
Scrolls
 a - 3 scrolls of identify {unknown}
 f - a scroll of enchant weapon {unknown}
 h - 2 scrolls of remove curse {unknown}
Potions
 e - 2 potions of degeneration {unknown}
 g - a potion of lignification {unknown}
Comestibles
 d - 2 rations


   Skills:
 + Level 1.0 Fighting
 + Level 2.1 Dodging
 - Level 1.7 Stealth
 + Level 2.1 Spellcasting
   Level 0.8 Transmutations
 * Level 3.2 Earth Magic


You had 5 spell levels left.
You knew the following spells:

 Your Spells              Type           Power        Failure   Level  Hunger
a - Sandblast             Erth           ###...       3%          1    #......

Your spell library contained the following spells:

 Spells                   Type           Power        Failure   Level  Hunger
 Passwall                 Tmut/Erth      ##......     10%         2    ##.....
 Stone Arrow              Conj/Erth      #.....       22%         3    ###....
 Petrify                  Tmut/Erth      ##......     52%         4    #####..
 Lee's Rapid Deconstruct  Erth           ###.......   71%         5    ######.


Dungeon Overview and Level Annotations

Branches:
Dungeon (2/15)


Innate Abilities, Weirdness & Mutations

You have an increased reservoir of magic. (+10% MP)


Message History

Confirm with . or Enter, or press ? or * to list all spells.
You don't have enough magic to cast that spell.
No previous command to re-do.
You hit the orc but do no damage. The orc hits you with a +0 hand axe.
You completely miss the orc. The orc barely misses you.
You hit the orc but do no damage. You hit the orc but do no damage.
The orc misses you.
You hit the orc but do no damage. The orc hits you with a +0 hand axe.
You hit the orc but do no damage. The orc hits you with a +0 hand axe.
You barely miss the orc. The orc hits you with a +0 hand axe.
You hit the orc but do no damage. The orc misses you.
You hit the orc but do no damage. The orc hits you but does no damage.
You hit the orc but do no damage. The orc hits you with a +0 hand axe.
You closely miss the orc. The orc hits you with a +0 hand axe.
* * * LOW HITPOINT WARNING * * *
You hit the orc but do no damage. The orc closely misses you.
You hit the orc but do no damage. The orc barely misses you.
You hit the orc but do no damage. You hit the orc but do no damage.
The orc hits you with a +0 hand axe.
You die...

#### #.. #.#
###############.###
...........##.....#
..#..o#...###.#.#.#######
......o.....#@#.#.......####
..#...#...#.o#..#.####.....#
............###..)...#.....#
############# ##..##.......#
##...####.....##
#.......รท........
#.#..####.#....... ###..#
#)#....... #....##)#.......


You could see an orc.

Vanquished Creatures
  2 dart slugs (D:1)
  2 leopard geckos
  4 orcs (D:2)
  A ball python (D:2)
  3 bats
  A giant cockroach (D:1)
  3 goblins
  7 jackals
  A rat (D:1)
24 creatures vanquished.

Notes
Turn   | Place    | Note
-------+----------+-------------------------------------------
     0 | D:1      | Johnny the Demigod Earth Elementalist began the quest for
                  | the Orb.
     0 | D:1      | Reached XP level 1. HP: 14/14 MP: 5/5
   477 | D:1      | Reached XP level 2. HP: 17/22 MP: 5/7
   479 | D:1      | Reached skill level 3 in Earth Magic
  1199 | D:2      | Reached skill level 1 in Fighting
  1199 | D:2      | Reached XP level 3. HP: 28/28 MP: 3/8
  1223 | D:2      | Slain by an orc

Levels and vault maps discovered:
D:1:      elethiomel_arrival_shortcut, layout_basic
D:2:      layout_loops_cross, lemuel_coloured_pillars_altar

Skill      XL: |  1  2 |
---------------+-------+-----
Dodging        | 2 |  2.1
Earth Magic    | 3 |  3.2
Spellcasting   | 2 |  2.1
Fighting       | 1 |  1.0
Stealth        | |  1.7
Transmutations | |  0.8

Action                   || total
-------------------------++-------
Melee: Unarmed           ||     2
       Dagger            ||    33
 Cast: Sandblast         ||    39
  Eat: Chunk             ||     1
Armor: Robe              ||    20
Dodge: Dodged            ||    63

Table legend:
 A = Non-vault XP
 B = Vault XP
 C = Vault XP percentage of total XP
 D = Non-vault monster count
 E = Vault monster count
 F = Vault count percentage of total count
                 A         B        C        D         E       F
            +---------+---------+-------+---------+---------+-------
      Total |      56 |       0 |   0.0 |      24 |       0 |   0.0
            +---------+---------+-------+---------+---------+-------
        D:1 |      27 |       0 |   0.0 |      12 |       0 |   0.0
        D:2 |      29 |       0 |   0.0 |      12 |       0 |   0.0
            +---------+---------+-------+---------+---------+-------
